AoeStats
← CHIUSON

Arabia

507823732Analyzed
1v1 RM · 11d ago on Sep 19, 2026· 31m 2s· 2 players
Game mode
Random Map
Map size
Tiny (2 player)
Population
200
Speed
Normal
Resources
Standard
Victory
Conquest
Starting age
Dark Age
Ending age
Imperial Age
RankedLock teamsTeams togetherTeam positionsShared explorationLock speedFull tech treeHidden civsTurbo modeCheats
Victory
Defeat
🇹🇷 Magyars · Türkiye
900
+16
🇭🇰 Turks · Hong Kong SAR China
898
-16
CHIUSON
4:00 Loom
10:47 Feudal Age
12:15 Double-Bit Axe
18:59 Horse Collar
24:21 Castle Age
27:13 Wheelbarrow
Scorpion
10:17 Feudal Age
11:12 Double-Bit Axe
11:55 Bloodlines
12:58 Scale Barding Armor
15:32 Horse Collar
21:48 Castle Age
21:19 Padded Archer Armor
21:09 Fletching
22:09 Wheelbarrow
22:44 Husbandry
22:56 Husbandry
23:28 Bodkin Arrow
23:49 Heavy Plow
26:12 Town Watch
27:00 Leather Archer Armor
27:05 Chain Barding Armor
27:47 Chain Barding Armor
27:53 Pikeman
29:18 Scale Mail Armor
Connection lost

Rejoining the realm…

Still unreachable

The connection could not be restored.

Session expired

The server has moved on; the page needs a fresh start.